 Dungeon Crawl Stone Soup version 0.30-a0-728-gc68057be0a (webtiles) character file.

Game seed: 9286031275826924664

2196 Dittersdorf the Trooper (level 9, -3/57 HPs)
             Began as a Gargoyle Fighter on Jan 31, 2023.
             Was a Follower of Okawaru.
             Slain by a gnoll sergeant
             ... wielding a +2 trident of distortion
              (5 damage)
             ... on level 7 of the Dungeon.
             The game lasted 00:06:18 (5131 turns).

Dittersdorf the Trooper (Gargoyle Fighter)          Turns: 5131, Time: 00:06:19

Health: -3/57      AC: 30    Str: 25    XL:     9   Next: 34%
Magic:  9/9        EV: 12    Int:  8    God:    Okawaru [*.....]
Gold:   345        SH: 12    Dex: 15    Spells: 8/8 levels left

rFire   . . .      SeeInvis .    a - +2 flail (protect)
rCold   . . .      Faith    .    c - +1 buckler
rNeg    + . .      Spirit   .    l - +0 plate armour
rPois   ∞          Reflect  +    t - +0 helmet
rElec   +          Harm     .    (no cloak)
rCorr   .          Rampage  .    s - +1 pair of gloves
Will    .....                    (no boots) Stlth
                                 k - amulet of reflection
HPRegen 0.29/turn                q - +5 ring of evasion
MPRegen 0.11/turn                j - +6 ring of dexterity

@: under a protective aura
A: sickness immunity, AC +6, negative energy resistance 1, electricity
resistance, torment resistance 1, petrification resistance
a: Renounce Religion, Heroism


You were on level 7 of the Dungeon.
You worshipped Okawaru.
Okawaru was aware of your devotion.
You visited 1 branch of the dungeon, and saw 7 of its levels.

You collected 345 gold pieces.

Inventory:

Hand Weapons
 a - a +2 flail of protection (weapon)
Missiles
 u - 5 curare-tipped darts (quivered)
Armour
 c - a +1 buckler (worn)
 l - a +0 plate armour (worn)
 s - a +1 pair of gloves (worn)
 t - a +0 helmet (worn)
Jewellery
 j - a +6 ring of dexterity (right hand)
 k - an amulet of reflection (around neck)
 q - a +5 ring of evasion (left hand)
Wands
 b - a wand of flame (11)
Scrolls
 e - 2 scrolls of teleportation
Potions
 d - 6 potions of might
 f - a potion of flight
 g - 3 potions of mutation
 h - 4 potions of curing
 i - a potion of cancellation
 o - a potion of brilliance
 p - 3 potions of heal wounds


   Skills:
 + Level 7.4 Fighting
 + Level 6.3 Maces & Flails
 + Level 7.3 Armour
 + Level 7.4 Shields


You had 8 spell levels left.
You didn't know any spells.
Your spell library contained the following spells:

 Spells                   Type           Power      Damage    Failure   Level
 Necrotise                Necr           0%         1d4       100%        1
 Ensorcelled Hibernation  Hex/Ice        0%         N/A       100%        2
 Gell's Gravitas          Tloc           0%         N/A       100%        3
 Portal Projectile        Hex/Tloc       0%         N/A       100%        3
 Spider Form              Tmut/Pois      0%         N/A       100%        3
 Teleport Other           Tloc           0%         N/A       100%        3
 Vampiric Draining        Necr           0%         2d6       100%        3
 Anguish                  Hex/Necr       0%         N/A       100%        4
 Dispel Undead            Necr           0%         3d6       100%        4
 Leda's Liquefaction      Hex/Erth       0%         N/A       100%        4
 Agony                    Necr           0%         N/A       100%        5
 Dispersal                Tloc           0%         N/A       100%        6
 Cigotuvi's Dreadful Rot  Necr/Pois/Air  Unusable   N/A       N/A         2
 Call Canine Familiar     Summ           Unusable   N/A       N/A         3
 Death Channel            Necr           Unusable   N/A       N/A         6

Dungeon Overview and Level Annotations

Branches:
Dungeon (6/15)
 Temple: D:4-7

Altars:
Cheibriados
Dithmenos
Gozag
Kikubaaqudgha
Nemelex Xobeh
Okawaru
Qazlal
Trog
Uskayaw
Wu Jian
Yredelemnul

Shops:
D:1 [   D:3 (


Innate Abilities, Weirdness & Mutations

You are immune to sickness and miasma.
Your stone body is resilient. (AC +6)
You are immune to poison.
You resist negative energy. (rN+)
You are resistant to electric shocks. (rElec)
You are resistant to unholy torment.
You are immune to petrification.


Message History

You thump the gnoll!
You kill the gnoll!
Okawaru accepts your kill. The gnoll closely misses you.
You block the gnoll sergeant's attack.
The gnoll hits you but does no damage. x2
The gnoll sergeant barely misses you.
Things that are here:
a +0 spear; a scroll of immolation; a gnoll corpse You hit the gnoll.
The gnoll is moderately wounded.
The gnoll hits you but does no damage. x2
The gnoll sergeant hits you with a +2 trident of distortion.
Space warps horribly around you! You block the gnoll's attack.
The gnoll sergeant hits you with a +2 trident of distortion.
Space warps horribly around you!!
* * * LOW HITPOINT WARNING * * *
The gnoll hits you but does no damage.
You hit the gnoll.
The gnoll is heavily wounded.
The gnoll hits you but does no damage. You block the gnoll sergeant's attack.
You block the gnoll's attack.
You hit the gnoll sergeant.
The gnoll sergeant is lightly wounded.
The gnoll hits you with a +0 whip.
* * * LOW HITPOINT WARNING * * *
The gnoll hits you with a +0 spear.
* * * LOW HITPOINT WARNING * * *
You block the gnoll sergeant's attack.
You barely miss the gnoll sergeant.
The gnoll sergeant is lightly wounded.
The gnoll hits you but does no damage. You block the gnoll's attack.
The gnoll sergeant hits you with a +2 trident of distortion!
* * * LOW HITPOINT WARNING * * *
You barely miss the gnoll sergeant.
The gnoll sergeant is lightly wounded.
You block the gnoll's attack. The gnoll hits you but does no damage.
The gnoll sergeant closely misses you.
The gnoll sergeant attacks as you move away!
The gnoll sergeant hits you with a +2 trident of distortion.
You die...

## #. #.# ##
# #.###..
.##.#
......#...
#.##.ggg#
#.##.#@#
#.#####
#.##.#)#
#...(.#
#.##.#.#
#####.#
#.##.#.# #.#
#.##...# #.#
####.##.###
#.#
#####....##>#
#.#
#...........#
#.#
#.###.#####.#
#.#


You could see a gnoll sergeant and 2 gnolls.

Vanquished Creatures
  Pikel (D:5)
  Sigmund (D:3)
  Menkaure (D:5)
  Edmund (D:4)
  A water moccasin (D:5)
  2 black bears (D:4)
  An orc warrior (D:5)
  An ogre (D:7)
  Blork the orc (D:4)
  2 scorpions
  A howler monkey (D:5)
  A hound (D:5)
  2 jellies
  6 orc priests
  Jessica (D:3)
  3 iguanas
  An orc wizard (D:5)
  9 gnolls
  4 adders
  2 white imps (D:5)
  2 worms
  21 orcs
  7 ball pythons
  8 endoplasms
  5 giant cockroaches
  3 goblins
  3 hobgoblins
  3 jackals (D:3)
  6 kobolds
  3 quokkas (D:3)
  2 bats
  4 frilled lizards
  4 rats
113 creatures vanquished.

Vanquished Creatures (others)
  A plant (D:5)
1 creature vanquished.

Grand Total: 114 creatures vanquished

Notes
Turn   | Place    | Note
-------+----------+-------------------------------------------
     0 | D:1      | Dittersdorf the Gargoyle Fighter began the quest for the
                  | Orb.
     0 | D:1      | Reached XP level 1. HP: 14/14 MP: 1/1
   103 | D:1      | Found a faded altar of an unknown god.
   229 | D:1      | Found Orhoroocu's Antique Armour Shoppe.
   342 | D:1      | Reached XP level 2. HP: 19/19 MP: 2/2
  1275 | D:2      | Reached XP level 3. HP: 20/23 MP: 3/3
  1924 | D:3      | Reached XP level 4. HP: 27/29 MP: 4/4
  2147 | D:3      | Reached XP level 5. HP: 19/33 MP: 5/5
  2356 | D:3      | Noticed Sigmund
  2364 | D:3      | Killed Sigmund
  2365 | D:3      | Reached XP level 6. HP: 36/39 MP: 6/6
  2520 | D:3      | Found Feasuz's Antique Weapon Boutique.
  2619 | D:3      | HP: 2/40 [orc priest/divine providence (11)]
  2871 | D:3      | Noticed Jessica
  2878 | D:3      | Killed Jessica
  3141 | D:4      | Noticed a black bear
  3146 | D:4      | Reached skill level 5 in Shields
  3156 | D:4      | Reached skill level 5 in Fighting
  3164 | D:4      | Killed a black bear
  3165 | D:4      | Reached skill level 5 in Armour
  3165 | D:4      | Reached XP level 7. HP: 7/44 MP: 7/7
  3335 | D:4      | Noticed Blork the orc
  3350 | D:4      | Killed Blork the orc
  3494 | D:4      | Noticed Edmund
  3523 | D:4      | Killed Edmund
  3524 | D:4      | Reached XP level 8. HP: 51/51 MP: 8/8
  3772 | D:4      | Found a shadowy altar of Dithmenos.
  3774 | D:4      | Found a sparkling altar of Nemelex Xobeh.
  3775 | D:4      | Found an opulent altar of Gozag.
  3780 | D:4      | Found an ancient bone altar of Kikubaaqudgha.
  3782 | D:4      | Found an iron altar of Okawaru.
  3785 | D:4      | Found a bloodstained altar of Trog.
  3786 | D:4      | Found a basalt altar of Yredelemnul.
  3787 | D:4      | Became a worshipper of Warmaster Okawaru
  3790 | D:4      | Found a hide-covered altar of Uskayaw.
  3792 | D:4      | Found a snail-covered altar of Cheibriados.
  3793 | D:4      | Found an ornate altar of the Wu Jian Council.
  4002 | D:5      | Entered Level 5 of the Dungeon
  4154 | D:5      | Noticed Menkaure
  4157 | D:5      | Killed Menkaure
  4158 | D:5      | Reached skill level 5 in Maces & Flails
  4162 | D:5      | Noticed Pikel
  4172 | D:5      | Killed Pikel
  4172 | D:5      | Reached * piety under Okawaru
  4174 | D:5      | Reached XP level 9. HP: 42/56 MP: 9/9
  4421 | D:5      | Found a stormy altar of Qazlal.
  5058 | D:6      | You fall into a shaft and drop 1 floor!
  5129 | D:7      | HP: 2/57 [gnoll sergeant/+2 trident of distortion (7)]
  5131 | D:7      | Slain by a gnoll sergeant

Illustrated notes

Levels and vault maps discovered:
D:1:      eino_arrival_water_star, layout_basic,
          shapermc_ecumenical_altar_pompeii, serial_shops,
          nicolae_shop_waterfront
D:2:      layout_loops_corners, minmay_small_reverse_x
D:3:      layout_loops_corners, serial_shops, shop, uniq_sigmund, uniq_jessica
D:4:      layout_rooms, nicolae_overflow_hallway_of_the_gods,
          uniq_blork_the_orc, uniq_edmund
D:5:      layout_basic, nicolae_qazlal_style_of_elements, corexii_shack,
          uniq_pikel, uniq_menkaure
D:6:      layout_cave_pools, kennysheep_orc_sif_temple,
          minmay_temple_entry_overgrown
D:7:      layout_loops_ring, chequers_jeans, uniq_maggie

Skill      XL: |  1  2  3  4  5  6  7  8  9 |
---------------+----------------------------+-----
Fighting       | 4 5 6 7 |  7.4
Shields        | 4 5 6 7 |  7.4
Armour         | 4 5 6 7 |  7.3
Maces & Flails | 3 4 5 6 |  6.3

Action                     |  1- 3 |  4- 6 |  7- 9 || total
---------------------------+-------+-------+-------++-------
  Melee: Flail             |   113 |   108 |   142 ||   363
  Throw: Dart              |       |       |     2 ||     2
    Use: Scroll            |       |     9 |     5 ||    14
 Armour: Scale mail        |    46 |    21 |       ||    67
         Chain mail        |       |    40 |    49 ||    89
         Plate armour      |       |       |    20 ||    20
  Dodge: Dodged            |    52 |    81 |    76 ||   209
  Block: Buckler           |    28 |    33 |    89 ||   150
         Reflection        |       |       |     2 ||     2

Table legend: (Time is in decaauts)
 A = Elapsed time spent in this place.
 B = Non-inter-level travel time spent in this place.
 C = Inter-level travel time spent in this place.
 D = Time resting spent in this place.
 E = Time spent auto-exploring this place.
 F = Levels seen in this place.
 G = Mean time per level.
                   A        B        C        D        E       F      G
               +--------+--------+--------+--------+--------+-----+--------+
         Total |   5256 |   4985 |    271 |    594 |   3412 |   7 |  750.9 |
       Dungeon |   5256 |   4985 |    271 |    594 |   3412 |   7 |  750.9 |
               +--------+--------+--------+--------+--------+-----+--------+

Top non-repeatable levels by time:
     D:3: 1289 daAuts
     D:5: 1006 daAuts
     D:1: 948 daAuts
     D:4: 943 daAuts
     D:2: 908 daAuts
     D:6: 86 daAuts
     D:7: 74 daAuts
